 Dungeon Crawl Stone Soup version 0.20-a0-1117-g62da73f (webtiles) character file.

2583 Leszczynek the Basher (level 9, -8/65 HPs)
             Began as a Mummy Wanderer on May 9, 2017.
             Was an Initiate of Gozag.
             Mangled by an orc warrior
             ... wielding a +0 halberd
              (14 damage)
             ... on level 8 of the Dungeon.
             The game lasted 00:20:04 (6949 turns).

Leszczynek the Basher (Mummy Wanderer)              Turns: 6949, Time: 00:20:05

Health: -8/65      AC: 14    Str: 25    XL:     9   Next: 32%
Magic:  9/9        EV: 13    Int:  9    God:    Gozag
Gold:   911        SH:  0    Dex: 14    Spells: 8/8 levels left

rFire    x . .     SeeInvis .   a - +3 flail (protect)
rCold    + . .     Gourm    .   (no shield)
rNeg     + + +     Faith    .   f - +0 ring mail
rPois    ∞         Spirit   .   k - +0 helmet
rElec    .         Reflect  .   l - +0 cloak
rCorr    .         Harm     .   (no gloves)
MR       +....                  (no boots)
Stlth    +.........             (no amulet)
Regen    0.2/turn               s - +3 ring of strength
MPRegen  0.2/turn               h - +4 ring of strength

@: protection aura
A: no food or potions, fire vulnerability, cold resistance 1, negative energy
resistance 3, torment resistance, unbreathing
a: Potion Petition, Call Merchant, Bribe Branch, Renounce Religion


You were on level 8 of the Dungeon.
You worshipped Gozag.
Gozag was pleased with you.
You were not hungry.

You visited 1 branch of the dungeon, and saw 8 of its levels.

You collected 942 gold pieces.
You paid 31 gold pieces to Gozag.

Inventory:

Hand Weapons
 a - a +3 flail of protection (weapon)
Missiles
 c - 4 tomahawks (quivered)
 q - 2 curare-tipped needles
Armour
 f - a +0 ring mail (worn)
 k - a +0 helmet (worn)
 l - a +0 cloak (worn)
Jewellery
 h - a +4 ring of strength (right hand)
 s - a +3 ring of strength (left hand)
Wands
 d - a wand of confusion (8/48)
 i - a wand of confusion (11/48)
Scrolls
 b - 4 scrolls of teleportation
 e - 3 scrolls of remove curse {@r2}
 g - a scroll of blinking
 j - 3 scrolls of recharging


   Skills:
 - Level 4.0 Fighting
   Level 3.9(6.9) Axes
 + Level 8.9(9.2) Maces & Flails
 - Level 2.4 Armour
 - Level 4.1 Dodging
   Level 1.0 Shields
 - Level 1.0 Evocations


You had 8 spell levels left.
You didn't know any spells.

Dungeon Overview and Level Annotations

Branches:
Dungeon (8/15)             Temple (0/1) D:6
   Lair: D:8-11

Altars:
Cheibriados
Elyvilon
Fedhas
Gozag
Kikubaaqudgha
Makhleb
Qazlal
Sif Muna
Trog
Uskayaw
Vehumet
Yredelemnul
The Shining One

Annotations:
D:4 ogre
D:5 hippogriff
D:6 gold in walls, Agrougrou's ghost, novice DsFi; Sigmund


Innate Abilities, Weirdness & Mutations

You do not eat or drink.
Your flesh is vulnerable to fire.
You are immune to poison.
Your flesh is cold resistant. (rC+)
You are immune to negative energy. (rN+++)
You are immune to unholy pain and torment.
You can survive without breathing.


Message History

The orc warrior closely misses you.
You barely miss the orc warrior. The orc warrior barely misses you.
You closely miss the orc warrior.
The orc warrior hits you with a halberd!
You closely miss the orc warrior. You sock the orc warrior!
Your weapon exudes an aura of protection.
The orc warrior is moderately wounded.
The orc warrior hits you with a halberd!
You hit the orc warrior but do no damage.
The orc warrior is moderately wounded.
The orc warrior hits you but does no damage. x2
You hit the orc warrior but do no damage.
The orc warrior is moderately wounded.
The orc warrior hits you from afar with a halberd!!
The orc warrior hits you with a halberd!
* * * LOW HITPOINT WARNING * * *
The orc warrior hits you from afar with a halberd!
You die...
Your body crumbles into a pile of gold.

########.#.####
###oo.oo..#.#..... #.#
#.....##### #.#$ $
###.#.....# ##.# $ $
###o#.....# ######..#
#.........# ........#
##........#
#######.#######.........#
#..@.oooo.)......###
#..#####o........... #..#
##........### # #..#
##.....#.# #. #..#
##....#)#
##.##..########....# #
.##...#).............#
...........)..## ...##
.....##)#.#.#.## ...


You could see 2 orc warriors and 3 orcs.

Vanquished Creatures
  Prince Ribbit (D:7)
  Eustachio (D:6)
  An orc warrior (D:7)
  3 sky beasts (D:7)
  An ice beast (D:6)
  A necrophage (D:7)
  2 ogres
  A big kobold (D:7)
  6 bullfrogs
  2 scorpions
  2 crimson imps (D:5)
  2 hounds (D:5)
  A bullfrog zombie (D:7)
  2 centaur zombies (D:6)
  6 orc wizards
  A bullfrog skeleton (D:5)
  A jelly (D:7)
  An orc priest (D:8)
  A centaur skeleton (D:4)
  Jessica (D:3)
  8 worker ants
  A killer bee zombie (D:5)
  2 worker ant zombies
  11 adders
  A shadow imp (D:5)
  2 oozes
  A worm (D:6)
  3 dart slugs
  4 leopard geckos
  35 orcs
  2 ball pythons
  8 bats
  3 giant cockroaches
  13 goblins
  11 hobgoblins
  15 jackals
  3 quokkas
  4 frilled lizards
  A jackal skeleton (D:7)
  14 kobolds
  8 rats
187 creatures vanquished.

Vanquished Creatures (others)
  A wizard (D:4)
1 creature vanquished.

Grand Total: 188 creatures vanquished

Notes
Turn   | Place    | Note
-------+----------+-------------------------------------------
     0 | D:1      | Leszczynek the Mummy Wanderer began the quest for the Orb.
     0 | D:1      | Leszczynek set off with: a +2 hand axe, 2 scrolls of teleportation, a +0 robe
     0 | D:1      | Reached XP level 1. HP: 19/19 MP: 1/1
     0 | D:1      | 16/9/12 (5/2/5)
   221 | D:1      | Reached XP level 2. HP: 16/25 MP: 2/2
   225 | D:1      | Reached skill level 2 in Axes
   580 | D:1      | Reached XP level 3. HP: 24/30 MP: 3/3
   791 | D:2      | Reached skill level 3 in Axes
   824 | D:2      | Found a burning altar of Makhleb.
   825 | D:2      | Found a white marble altar of Elyvilon.
   878 | D:2      | Found a snail-covered altar of Cheibriados.
   898 | D:2      | Reached XP level 4. HP: 24/37 MP: 4/4
  1692 | D:3      | HP: 3/37 [orc/flail (5)]
  1986 | D:3      | Reached skill level 1 in Maces & Flails
  1986 | D:3      | Reached XP level 5. HP: 39/42 MP: 5/5
  2227 | D:3      | Noticed Jessica
  2245 | D:3      | Killed Jessica
  2245 | D:3      | Reached skill level 2 in Maces & Flails
  2284 | D:3      | Found a glowing golden altar of the Shining One.
  2440 | D:3      | Found a radiant altar of Vehumet.
  2440 | D:3      | Found an opulent altar of Gozag.
  2441 | D:3      | Found a deep blue altar of Sif Muna.
  2603 | D:3      | Became a worshipper of Gozag Ym Sagoz the Greedy
  2632 | D:3      | Reached skill level 3 in Maces & Flails
  2632 | D:3      | Reached XP level 6. HP: 40/48 MP: 6/6
  2859 | D:4      | Noticed a dagger
  2859 | D:4      | Found a hide-covered altar of Uskayaw.
  2860 | D:4      | Noticed a hand axe
  2893 | D:4      | Found a bloodstained altar of Trog.
  2895 | D:4      | Noticed a wizard
  2899 | D:4      | Killed a wizard
  3059 | D:4      | Reached skill level 4 in Maces & Flails
  3240 | D:4      | Reached XP level 7. HP: 39/54 MP: 7/7
  3370 | D:5      | Entered Level 5 of the Dungeon
  3415 | D:5      | Noticed a hippogriff
  3722 | D:5      | Reached skill level 5 in Maces & Flails
  4487 | D:5      | Reached skill level 6 in Maces & Flails
  4712 | D:6      | Noticed Sigmund
  4763 | D:6      | Found a staircase to the Ecumenical Temple.
  4905 | D:6      | Reached XP level 8. HP: 56/60 MP: 8/8
  4979 | D:7      | Reached skill level 7 in Maces & Flails
  5059 | D:6      | Noticed Eustachio
  5092 | D:6      | Killed Eustachio
  5203 | D:6      | You fall through a shaft!
  5203 | D:7      | Noticed Prince Ribbit
  5221 | D:7      | HP: 9/60 [Prince Ribbit (8)]
  5235 | D:7      | Found a deep blue altar of Sif Muna.
  5503 | D:7      | Reached skill level 1 in Dodging
  5513 | D:7      | Reached skill level 2 in Dodging
  5527 | D:7      | Reached skill level 3 in Dodging
  5673 | D:7      | Found a blossoming altar of Fedhas.
  5673 | D:7      | Found an ancient bone altar of Kikubaaqudgha.
  5676 | D:7      | Found a stormy altar of Qazlal.
  5713 | D:6      | Reached XP level 9. HP: 65/65 MP: 9/9
  6005 | D:6      | Noticed Agrougrou's ghost (novice DsFi)
  6030 | D:6      | Reached skill level 4 in Dodging
  6102 | D:6      | Reached skill level 8 in Maces & Flails
  6405 | D:7      | Killed Prince Ribbit
  6560 | D:7      | Found a basalt altar of Yredelemnul.
  6948 | D:8      | HP: 6/65 [orc warrior/halberd (16)]
  6949 | D:8      | Mangled by an orc warrior

Vault maps used:
D:1:      saegor_arrival_simple_a, minmay_misc_feat_chi, minmay_split_cup_small
D:2:      gammafunk_temple_overflow_pools, kennysheep_slug_shrine
D:3:      lemuel_doored_altar, gammafunk_temple_overflow_claw,
          bh_walls_and_bars, uniq_jessica
D:4:      dancing_weapons_uskayaw, trog_wizard
D:5:      serial_shops, kennysheep_mini, first_bread
D:6:      minmay_temple_entry_junction, hex_medium, lightli_corner_chamber,
          uniq_eustachio, uniq_sigmund
D:7:      nicolae_overflow_quartered_altars, basic_altar, uniq_prince_ribbit1
D:8:      special_room, grunt_livestock

Skill      XL: |  1  2  3  4  5  6  7  8  9 |
---------------+----------------------------+-----
Axes           | 2 3 |  3.9
Maces & Flails | 1 3 4 6 7 8 |  8.9
Dodging        | 3 4 |  4.1
Fighting       | |  4.0
Armour         | |  2.4
Shields        | |  1.0
Evocations     | |  1.0

Action                   |  1- 3 |  4- 6 |  7- 9 || total
-------------------------+-------+-------+-------++-------
Melee: Hand axe          |   107 |    94 |       ||   201
       Flail             |       |   148 |   377 ||   525
Invok: Potion Petition   |       |       |     1 ||     1
  Use: Scroll            |       |       |    12 ||    12
Armor: Ring mail         |    52 |   115 |   167 ||   334
       Robe              |     1 |       |       ||     1
Dodge: Dodged            |    71 |   138 |   192 ||   401
